 Dungeon Crawl Stone Soup version 0.26-a0-935-g3624241d3c (console) character file.

Game seed: 10619341993735166487

774 jejorda2 the Slasher (level 7, -2/81 HPs)
             Began as a Vampire Berserker on Nov 26, 2020.
             Was a Priest of Trog.
             Slain by an orc warrior
             ... wielding a +0 glaive
              (26 damage)
             ... on level 6 of the Dungeon.
             The game lasted 00:09:21 (4776 turns).

jejorda2 the Slasher (Vampire Berserker)            Turns: 4776, Time: 00:09:22

Health: -2/81      AC: 11    Str: 18    XL:     7   Next: 53%
Magic:  7/7        EV:  8    Int:  9    God:    Trog [***...]
Gold:   171        SH:  5    Dex: 14    Spells: 6/6 levels left

rFire    . . .     SeeInvis +   a - +1 falchion
rCold    . . .     Faith    .   m - +0 buckler
rNeg     . . .     Spirit   .   j - +0 chain mail
rPois    .         Reflect  .   (no helmet)
rElec    .         Harm     .   o - scarf {repulsion}
rCorr    .         Rampage  .   n - +0 pair of gloves
MR       .....                  p - +0 pair of boots
Stlth    ..........             (no amulet)
HPRegen  0.43/turn              (no ring)
MPRegen  0.10/turn              (no ring)

@: berserking, regenerating quickly, repel missiles, very quick
A: fangs 3, see invisible, unbreathing
a: Exsanguinate, Berserk, Trog's Hand, Renounce Religion


You were on level 6 of the Dungeon.
You worshipped Trog.
Trog was most pleased with you.
You visited 1 branch of the dungeon, and saw 6 of its levels.

You collected 171 gold pieces.

Inventory:

Hand Weapons
 a - a +1 falchion (weapon)
Missiles
 h - 47 stones (quivered)
 s - 9 javelins
Armour
 c - a +1 kite shield
 d - a +1 chain mail of poison resistance
 j - a +0 chain mail (worn)
 m - a +0 buckler (worn)
 n - a +0 pair of gloves (worn)
 o - a scarf of repulsion (worn)
 p - a +0 pair of boots (worn)
Wands
 l - a wand of flame (25)
 u - a wand of random effects (12)
Scrolls
 e - a scroll of magic mapping
 i - 2 scrolls of teleportation
Potions
 b - a potion of ambrosia {unknown}
 f - 5 potions of flight
 g - 2 potions of magic
 k - a potion of degeneration {unknown}
 q - 3 potions of heal wounds
 r - 3 potions of berserk rage
 v - 2 potions of haste {unknown}


   Skills:
 + Level 4.1 Fighting
 * Level 5.7 Long Blades
 + Level 3.0 Armour
 - Level 2.1 Dodging
 * Level 4.2 Shields


You had 6 spell levels left.
You didn't know any spells.
Your spell library was empty.

Dungeon Overview and Level Annotations

Branches:
Dungeon (6/15)             Temple (0/1) D:5

Altars:
Cheibriados
Hepliaklqana


Innate Abilities, Weirdness & Mutations

Your natural rate of healing is unusually fast.
You have razor-sharp teeth.
You have supernaturally acute eyesight. (SInv)
You can survive without breathing.


Message History

The orc priest is moderately wounded.
You block the orc priest's attack.
The orc warrior hits you from afar with a +0 glaive!
You hit the orc priest.
The orc priest is moderately wounded.
The orc priest closely misses you. You block the orc warrior's attack.
The orc priest hits you with a +0 mace.
A red film seems to cover your vision as you go berserk!
You feel yourself moving faster!
You feel mighty! The orc warrior closely misses you.
The orc priest hits you with a +0 mace.
You closely miss the orc warrior.
You bite the orc warrior, but do no damage.
The orc warrior hits you with a +0 glaive!!
* * * LOW HITPOINT WARNING * * *
You closely miss the orc warrior.
The orc priest looks encouraged for a moment.
You hit the orc warrior.
The orc warrior is lightly wounded.
The orc warrior hits you with a +0 glaive!!
You die...

^.......#
.......<#
........##
.........###
........#..##
......####..###
###### ##..)###
###.o.## ##@..#
##o...# #.....#
#..... ###.. #


You could see an orc warrior and an orc priest.

Vanquished Creatures
  An ice beast (D:5)
  2 ogres
  A howler monkey (D:4)
  2 hounds (D:5)
  2 orc wizards (D:5)
  A centaur skeleton (D:5)
  2 worker ants (D:3)
  9 adders
  4 gnolls (D:5)
  A shadow imp (D:5)
  2 white imps (D:5)
  An adder zombie (D:5)
  4 worms
  8 dart slugs
  2 leopard geckos
  6 orcs
  3 giant cockroaches
  7 goblins
  2 hobgoblins (D:3)
  5 jackals
  8 kobolds
  A quokka (D:5)
  2 ball pythons
  11 bats
  4 frilled lizards
  A jackal skeleton (D:6)
  A leopard gecko zombie (D:6)
  A quokka skeleton (D:5)
  7 rats
101 creatures vanquished.

Vanquished Creatures (others)
  An orc wizard (D:5)
  A plant (D:5)
2 creatures vanquished.

Grand Total: 103 creatures vanquished

Notes
Turn   | Place    | Note
-------+----------+-------------------------------------------
     0 | D:1      | jejorda2 the Vampire Berserker began the quest for the Orb.
     0 | D:1      | Reached XP level 1. HP: 17/17 MP: 1/1
   468 | D:1      | Reached XP level 2. HP: 23/23 MP: 2/2
  1085 | D:2      | Reached skill level 1 in Shields
  1112 | D:2      | Found a snail-covered altar of Cheibriados.
  1213 | D:2      | Reached XP level 3. HP: 28/28 MP: 3/3
  1489 | D:2      | Reached ** piety under Trog
  2002 | D:3      | Reached XP level 4. HP: 35/35 MP: 4/4
  2084 | D:3      | Reached skill level 4 in Long Blades
  2493 | D:3      | Reached XP level 5. HP: 41/41 MP: 5/5
  2667 | D:3      | Reached *** piety under Trog
  3068 | D:4      | Noticed an ogre
  3077 | D:4      | Killed an ogre
  3078 | D:4      | Reached XP level 6. HP: 47/47 MP: 6/6
  3100 | D:4      | Found a hazy altar of Hepliaklqana.
  3514 | D:5      | Entered Level 5 of the Dungeon
  3549 | D:5      | Reached skill level 5 in Long Blades
  3854 | D:5      | Reached XP level 7. HP: 53/53 MP: 7/7
  4574 | D:5      | Found a staircase to the Ecumenical Temple.
  4776 | D:6      | Slain by an orc warrior

Illustrated notes

Levels and vault maps discovered:
D:1:      lightli_arrival_maybe_door_vault, layout_basic
D:2:      minmay_door_path, layout_basic, nrook_uturn, kennysheep_slug_shrine
D:3:      layout_loops_cross, kennysheep_doodads
D:4:      layout_cave_pods, kennysheep_mini_moat
D:5:      wad_lake_hut, layout_loops_ring, temple_hall, minmay_bent
D:6:      layout_cave_pods, uniq_blork_the_orc, uniq_prince_ribbit1

Skill      XL: |  1  2  3  4  5  6  7 |
---------------+----------------------+-----
Shields        | 1 2 3 4 |  4.2
Fighting       | 3 4 |  4.1
Armour         | 2 3 |  3.0
Long Blades    | 4 5 |  5.7
Dodging        | |  2.1

Action                   |  1- 3 |  4- 6 |  7- 9 || total
-------------------------+-------+-------+-------++-------
Melee: Falchion          |   128 |   152 |   109 ||   389
       Bite              |    12 |    21 |    14 ||    47
Throw: Stone             |    12 |     4 |       ||    16
Invok: Berserk           |       |     4 |     2 ||     6
       Trog's Hand       |       |       |     1 ||     1
  Use: Scroll            |       |    11 |       ||    11
       Potion            |       |     2 |       ||     2
Armor: Animal skin       |     7 |       |       ||     7
       Chain mail        |    55 |    85 |    45 ||   185
Dodge: Dodged            |    31 |    78 |    34 ||   143
       Repelled          |     1 |       |       ||     1
Block: Kite shield       |    29 |       |       ||    29
       Buckler           |    14 |    35 |    26 ||    75
       Rpst.: Falchion   |    10 |    29 |    10 ||    49

Table legend: (Time is in decaauts)
 A = Elapsed time spent in this place.
 B = Non-inter-level travel time spent in this place.
 C = Inter-level travel time spent in this place.
 D = Time resting spent in this place.
 E = Time spent auto-exploring this place.
 F = Levels seen in this place.
 G = Mean time per level.
                   A        B        C        D        E       F      G
               +--------+--------+--------+--------+--------+-----+--------+
         Total |   4907 |   4595 |    312 |     78 |   3574 |   6 |  817.8 |
       Dungeon |   4907 |   4595 |    312 |     78 |   3574 |   6 |  817.8 |
               +--------+--------+--------+--------+--------+-----+--------+

Top non-repeatable levels by time:
     D:5: 1276 daAuts
     D:1: 1057 daAuts
     D:2: 948 daAuts
     D:3: 892 daAuts
     D:4: 688 daAuts
     D:6: 45 daAuts
